 Dungeon Crawl Stone Soup version 0.30-a0-883-g5ad918d (webtiles) character file.

Game seed: 13519428927842535247

235 Think the Ducker (level 6, -8/42 HPs)
             Began as an Octopode Fighter on Mar 17, 2023.
             Was a Follower of Elyvilon.
             Mangled by Eustachio
             ... wielding a +0 rapier of electrocution
              (10 damage)
             ... on level 4 of the Dungeon.
             The game lasted 00:04:55 (2852 turns).

Think the Ducker (Octopode Fighter)                 Turns: 2852, Time: 00:04:55

Health: -8/42      AC:  1    Str: 15    XL:     6   Next: 5%
Magic:  6/6        EV: 15    Int: 10    God:    Elyvilon [*.....]
Gold:   180        SH:  5    Dex: 14    Spells: 5/5 levels left

rFire   . . .      SeeInvis .    a - +1 long sword
rCold   . . .      Faith    .    b - +0 buckler
rNeg    + . .      Spirit   .    (helmet restricted)
rPois   +          Reflect  .    f - amulet of the acrobat
rElec   .          Rampage  .    l - ring of poison resistance
rCorr   .                        p - ring of positive energy
Will    .....                    (no ring)
Stlth   ++                       (no ring)
HPRegen 0.27/turn                (no ring)
MPRegen 0.10/turn                (no ring)
                                 (no ring)
                                 (no ring)

@: weak-willed
A: almost no armour, amphibious, 8 rings, camouflage 1, gelatinous body 1,
(nimble swimmer 1), tentacles
a: Renounce Religion, Purification


You were on level 4 of the Dungeon.
You worshipped Elyvilon.
Elyvilon was aware of your devotion.
You visited 1 branch of the dungeon, and saw 4 of its levels.

You collected 180 gold pieces.

Inventory:

Hand Weapons
 a - a +1 long sword (weapon)
 j - the +5 hand axe "Posookk" {freeze, Str+3}
   (You found it on level 2 of the Dungeon)

   Str:       It affects your strength (+3).
Armour
 b - a +0 buckler (worn)
Jewellery
 f - an amulet of the acrobat (around mantle)
 l - a ring of poison resistance (left tentacle)
 p - a ring of positive energy (right tentacle)
Wands
 q - a wand of roots (7)
Scrolls
 e - a scroll of noise {unknown}
 g - a scroll of immolation {unknown}
 h - 6 scrolls of identify {unknown}
 o - a scroll of silence {unknown}
Potions
 c - 2 potions of might
 d - 2 potions of brilliance {unknown}
 m - a potion of invisibility {unknown}
 n - 2 potions of flight {unknown}
 r - a potion of resistance {unknown}
 s - a potion of curing {unknown}


   Skills:
 - Level 3.0 Fighting
 - Level 2.0 Long Blades
 + Level 6.5 Dodging
 - Level 3.0 Shields


You had 5 spell levels left.
You didn't know any spells.
Your spell library contained the following spells:

 Spells                   Type           Power      Damage    Failure   Level
 Ensorcelled Hibernation  Hex/Ice        0%         N/A       58%         2
 Ignite Poison            Fire/Tmut/Pois 0%         N/A       83%         3
 Inner Flame              Hex/Fire       0%         N/A       83%         3
 Kindle Blastsparks       Fire/Tloc/Air  0%         2d10      83%         3
 Spider Form              Tmut/Pois      0%         N/A       83%         3
 Anguish                  Hex/Necr       0%         N/A       99%         4
 Cause Fear               Hex            0%         N/A       99%         4
 Freezing Cloud           Conj/Ice/Air   0%         6-21      100%        5
 Summon Forest            Summ/Tloc      0%         N/A       100%        5
 Eringya's Noxious Bog    Tmut/Pois      0%         N/A       100%        6
 Summon Hydra             Summ           0%         N/A       100%        7
 Discord                  Hex            0%         N/A       100%        8


Dungeon Overview and Level Annotations

Branches:
Dungeon (4/15)
 Temple: D:4-7

Altars:
Elyvilon

Annotations:
D:4 Eustachio


Innate Abilities, Weirdness & Mutations

You cannot wear most types of armour.
You are amphibious.
You can wear up to eight rings at the same time.
Your skin changes colour to match your surroundings (Stealth+).
Your rubbery body absorbs attacks. (AC +1, EV +1)
((You are camouflaged when in or above water. (Stealth+)))
You have tentacles for arms and can constrict up to eight enemies at once.


Message History

You constrict Eustachio.
Eustachio hits you with a +0 rapier of electrocution.
You block Eustachio's attack.
You hit Eustachio.
You squeeze Eustachio, but do no damage.
Eustachio is moderately wounded.
You constrict Eustachio. The iguana barely misses you.
Eustachio hits you with a +0 rapier of electrocution!
You hit Eustachio but do no damage.
Eustachio is heavily wounded.
You constrict Eustachio. The iguana barely misses you.
The sleepcap releases spores at you.
Eustachio hits you with a +0 rapier of electrocution.
You hit Eustachio but do no damage. You squeeze Eustachio.
Eustachio is heavily wounded.
You constrict Eustachio. The iguana bites you!
The sleepcap releases spores at you.
You are engulfed in a cloud of soporific spores!
You fall asleep.
You lose your grip on Eustachio.
Eustachio says, "Summoning is fun!"
Eustachio hits you with a +0 rapier of electrocution!
You wake up.
* * * LOW HITPOINT WARNING * * *
You block the sleepcap's attack. You block Eustachio's attack.
The iguana barely misses you.
Okay, then.
Okay, then.
Okay, then.
Okay, then.
As you read the scroll labelled DONURE ZYCZAEDOWN, it crumbles to dust.
Magic quickly surges around you.
It was a scroll of vulnerability.
The sleepcap misses you. Eustachio closely misses you.
The iguana closely misses you.
As you read the scroll labelled FEKHLOB TAAQEL, it crumbles to dust.
It is a scroll of enchant weapon.
Your +0 long sword glows red for a moment.
The iguana completely misses you. The sleepcap closely misses you.
Eustachio hits you with a +0 rapier of electrocution!
You die...

......#........#
......'........#
#..####..###.###
#..####..###.#####
....#....#.......#
....#....#.......#
....#..†.#.......#
#######..##......#
..#####..#######@#
..#.......#
#@fl......
..#.......#
#.r.......
..#.......#
#.........
..#.......#
#.........
..######'###
##+###.###
###..#.....# .#
.....#.....# .
.....#.....#


You could see Eustachio (weak-willed), a sleepcap (weak-willed), an iguana
(weak-willed) and a quokka (summoned, weak-willed).

Vanquished Creatures
  A black bear (D:4)
  A hound (D:3)
  Ijyb (D:4)
  4 adders
  A dart slug (D:3)
  An orc (D:3)
  4 endoplasms
  3 giant cockroaches
  4 goblins
  5 hobgoblins
  6 jackals (D:1)
  3 ball pythons
  4 bats
  2 frilled lizards
  4 kobolds
  9 rats
53 creatures vanquished.

Vanquished Creatures (others)
  76 plants (D:4)
76 creatures vanquished.

Grand Total: 129 creatures vanquished

Notes
Turn   | Place    | Note
-------+----------+-------------------------------------------
     0 | D:1      | Think the Octopode Fighter began the quest for the Orb.
     0 | D:1      | Reached XP level 1. HP: 16/16 MP: 1/1
   177 | D:1      | Reached XP level 2. HP: 20/21 MP: 2/2
   293 | D:1      | Reached skill level 4 in Dodging
   536 | D:1      | Reached XP level 3. HP: 24/26 MP: 3/3
  1141 | D:2      | Identified the +5 hand axe "Posookk" {freeze, Str+3}
  1522 | D:3      | Found a white marble altar of Elyvilon.
  1536 | D:3      | Became a worshipper of Elyvilon the Healer
  2002 | D:3      | Reached XP level 4. HP: 31/31 MP: 4/4
  2344 | D:4      | Noticed a black bear
  2352 | D:4      | Killed a black bear
  2353 | D:4      | Reached skill level 5 in Dodging
  2353 | D:4      | Reached XP level 5. HP: 23/36 MP: 5/5
  2454 | D:4      | Noticed Ijyb
  2462 | D:3      | Reached skill level 6 in Dodging
  2536 | D:4      | Killed Ijyb
  2613 | D:4      | Reached * piety under Elyvilon
  2622 | D:4      | Reached XP level 6. HP: 42/42 MP: 6/6
  2843 | D:4      | Noticed Eustachio
  2850 | D:4      | HP: 2/42 [Eustachio/+0 rapier of electrocution (12)]
  2852 | D:4      | Mangled by Eustachio

Illustrated notes

Levels and vault maps discovered:
D:1:      moated_graveyard_arrival, layout_basic
D:2:      layout_basic
D:3:      layout_basic, elyvilon_altar_1, dreamdust_princess_bridge
D:4:      kennysheep_kobold_camp, layout_gridville, uniq_ijyb, uniq_eustachio

Skill      XL: |  1  2  3  4  5 |
---------------+----------------+-----
Dodging        | 4 5 6 |  6.5
Fighting       | |  3.0
Long Blades    | |  2.0
Shields        | |  3.0

Action                     |  1- 3 |  4- 6 || total
---------------------------+-------+-------++-------
  Melee: Long sword        |    75 |    34 ||   109
         Constrict         |    18 |     9 ||    27
         Tentacles         |    12 |     8 ||    20
         Punch             |       |     1 ||     1
    Use: Scroll            |       |     2 ||     2
   Stab: Sleeping          |     6 |     2 ||     8
 Armour: Skin              |     4 |     1 ||     5
  Dodge: Dodged            |    43 |    32 ||    75
  Block: Buckler           |    17 |    11 ||    28

Table legend: (Time is in decaauts)
 A = Elapsed time spent in this place.
 B = Non-inter-level travel time spent in this place.
 C = Inter-level travel time spent in this place.
 D = Time resting spent in this place.
 E = Time spent auto-exploring this place.
 F = Levels seen in this place.
 G = Mean time per level.
                   A        B        C        D        E       F      G
               +--------+--------+--------+--------+--------+-----+--------+
         Total |   2887 |   2828 |     59 |      0 |   2383 |   4 |  721.8 |
       Dungeon |   2887 |   2828 |     59 |      0 |   2383 |   4 |  721.8 |
               +--------+--------+--------+--------+--------+-----+--------+

Top non-repeatable levels by time:
     D:3: 1037 daAuts
     D:1: 781 daAuts
     D:2: 612 daAuts
     D:4: 456 daAuts
